 Dungeon Crawl Stone Soup version 0.22-a0-422-g9628fc8 (webtiles) character file.

135 Firebatgyro the Chopper (level 4, -6/37 HPs)
             Began as a Demonspawn Gladiator on May 18, 2018.
             Mangled by a gnoll
             ... wielding a +0 halberd
              (14 damage)
             ... on level 2 of the Dungeon.
             The game lasted 00:02:33 (1577 turns).

Firebatgyro the Chopper (Demonspawn Gladiator)      Turns: 1577, Time: 00:02:34

Health: -6/37      AC:  8    Str: 16    XL:     4   Next: 97%
Magic:  4/4        EV:  7    Int:  9    God:
Gold:   76         SH:  0    Dex: 14    Spells: 3/3 levels left

rFire    . . .     SeeInvis .   a - +0 war axe
rCold    . . .     Gourm    .   (no shield)
rNeg     . . .     Faith    .   p - +0 chain mail
rPois    .         Spirit   .   (helmet restricted)
rElec    .         Reflect  .   (no cloak)
rCorr    .         Harm     .   (no gloves)
MR       .....                  (no boots)
Stlth    ..........             l - amulet of regeneration
HPRegen  0.52/turn              (no ring)
MPRegen  0.09/turn              (no ring)

@: no status effects
A: horns 1
a: no special abilities


You were on level 2 of the Dungeon.
You were not hungry.

You visited 1 branch of the dungeon, and saw 2 of its levels.

You collected 76 gold pieces.

Inventory:

Hand Weapons
 a - a +0 war axe (weapon)
Missiles
 d - 3 throwing nets (quivered)
 g - 5 curare-tipped needles
Armour
 p - a +0 chain mail (worn)
 q - a +0 pair of boots
Jewellery
 l - an amulet of regeneration (around neck)
 r - an uncursed amulet of the gourmand
Scrolls
 c - 4 scrolls of identify {unknown}
 h - a scroll of enchant weapon {unknown}
 j - a scroll of enchant armour {unknown}
 k - a scroll of amnesia {unknown}
 o - a scroll of teleportation {unknown}
 s - a scroll of fear {unknown}
 t - 2 scrolls of immolation {unknown}
Potions
 b - a potion of agility {unknown}
 e - a potion of flight {unknown}
 i - a potion of curing {unknown}
 m - 2 potions of brilliance {unknown}
 n - a potion of resistance {unknown}
Comestibles
 f - 5 rations


   Skills:
 + Level 3.9 Fighting
 + Level 4.1 Axes
 - Level 1.7 Throwing
 - Level 2.6 Dodging


You had 3 spell levels left.
You didn't know any spells.
Your spell library was empty.

Dungeon Overview and Level Annotations

Branches:
Dungeon (2/15)

Altars:
Zin


Innate Abilities, Weirdness & Mutations

You have a pair of small horns on your head.


Message History

You slash the gnoll!
You kill the gnoll!
You barely miss the gnoll. The gnoll hits you but does no damage.
You barely miss the gnoll.
The gnoll is lightly wounded.
The gnoll closely misses you.
You slash the gnoll!
The gnoll is severely wounded.
The gnoll hits you with a halberd!
You are too injured to fight recklessly!
You are too injured to fight recklessly!
You closely miss the gnoll. Your headbutt misses the gnoll.
The gnoll is severely wounded.
The gnoll hits you with a halberd!
* * * LOW HITPOINT WARNING * * *
You hit the gnoll.
You headbutt the gnoll, but do no damage.
The gnoll is severely wounded.
The gnoll hits you with a halberd!
You die...

###.### #.# #.# #.#
#.# #.## #.# #...
#.# #### #.#
#.################
##.#........##...).
#.@g...........####
#.)#.###.#..####
#..#.# #.#..##
#..#.# #.#...##
#..#.###.....)#####
#..#.##........<...
#..#.##.##...######
#..#.##.##...#
#..#.##.##...#


You could see a gnoll.

Vanquished Creatures
  A worker ant (D:2)
  3 gnolls (D:2)
  3 adders (D:2)
  A worm (D:2)
  A dart slug (D:1)
  2 leopard geckos
  10 goblins
  6 hobgoblins
  4 jackals (D:2)
  6 kobolds
  6 bats
  2 frilled lizards (D:1)
  5 rats
50 creatures vanquished.

Notes
Turn   | Place    | Note
-------+----------+-------------------------------------------
     0 | D:1      | Firebatgyro the Demonspawn Gladiator began the quest for the Orb.
     0 | D:1      | Reached XP level 1. HP: 16/16 MP: 1/1
    95 | D:1      | Reached skill level 3 in Axes
   131 | D:1      | Gained mutation: You have a pair of small horns on your head. [demonic ancestry]
   131 | D:1      | Reached XP level 2. HP: 18/23 MP: 2/2
   964 | D:2      | Reached XP level 3. HP: 28/28 MP: 3/3
  1073 | D:2      | Reached XP level 4. HP: 33/35 MP: 4/4
  1243 | D:2      | Found a glowing silver altar of Zin.
  1455 | D:2      | Reached skill level 4 in Axes
  1577 | D:2      | Mangled by a gnoll

Vault maps used:
D:1:      dpeg_arrival_arbitrary_c
D:2:      okawaru_altar_gauntlet_db, nicolae_overflow_crystal_walls

Skill      XL: |  1  2  3  4 |
---------------+-------------+-----
Axes           | 3 4 |  4.1
Fighting       | 3 |  3.9
Throwing       | |  1.7
Dodging        | |  2.6

Action                   |  1- 3 |  4- 6 || total
-------------------------+-------+-------++-------
Melee: War axe           |    79 |    59 ||   138
       Headbutt          |     5 |     7 ||    12
 Stab: Sleeping          |     1 |       ||     1
  Eat: Chunk             |     1 |     1 ||     2
Armor: Leather armour    |    19 |    12 ||    31
       Chain mail        |       |    35 ||    35
Dodge: Dodged            |    69 |    43 ||   112

Table legend:
 A = Spawn XP
 B = Non-spawn XP
 C = Spawn XP percentage of total XP
 D = Spawn monster count
 E = Non-spawn monster count
 F = Spawn count percentage of total count
 G = Total turns spent on level
                    A         B        C        D         E        F      G
               +---------+---------+-------+---------+---------+-------+---------
         Total |       0 |     194 |   0.0 |       0 |      50 |   0.0 |  1577
               +---------+---------+-------+---------+---------+-------+---------
           D:1 |       0 |      38 |   0.0 |       0 |      22 |   0.0 |  1022
           D:2 |       0 |     156 |   0.0 |       0 |      28 |   0.0 |   555
               +---------+---------+-------+---------+---------+-------+---------
